 Dungeon Crawl Stone Soup version 0.22.0-38-g04b72b8 (webtiles) character file.

7426 Lew the Unseen (level 11, -3/72 HPs)
             Began as an Octopode Fighter on Aug 30, 2018.
             Was a High Priest of Okawaru.
             Slain by a troll (10 damage)
             ... on level 10 of the Dungeon.
             The game lasted 00:26:19 (10448 turns).

Lew the Unseen (Octopode Fighter)                  Turns: 10448, Time: 00:26:22

Health: -3/72      AC:  3    Str: 17    XL:     11   Next: 15%
Magic:  9/9        EV: 14    Int: 10    God:    Okawaru [*****.]
Gold:   615        SH: 11    Dex: 16    Spells: 10/10 levels left

rFire    . . .     SeeInvis .   D - +3 long sword (freeze) (curse)
rCold    . . .     Gourm    .   b - +1 shield
rNeg     . . .     Faith    +   h - +2 hat
rPois    +         Spirit   .   q - amulet of faith
rElec    .         Reflect  .   e - ring of poison resistance
rCorr    .         Harm     .   (no ring)
MR       +....                  (no ring)
Stlth    +++++++...             (no ring)
HPRegen  0.22/turn              (no ring)
MPRegen  0.11/turn              (no ring)
                                (no ring)
                                (no ring)

@: no status effects
A: almost no armour, stealthy swim, amphibious, 8 rings, constrict 8, tentacle
spike 1, camouflage 1, agile 1, low mp 1, magic resistance 1, gelatinous body 1
a: Heroism, Finesse, Renounce Religion


You were on level 10 of the Dungeon.
You worshipped Okawaru.
Okawaru was extremely pleased with you.
You were hungry.

You visited 2 branches of the dungeon, and saw 11 of its levels.

You collected 615 gold pieces.

Inventory:

Hand Weapons
 f - a +0 scimitar of draining
 k - a +2 dagger of protection
 x - a +0 dagger of holy wrath
 D - a cursed +3 long sword of freezing (weapon)
Armour
 b - a +1 shield (worn)
 h - a +2 hat (worn)
Jewellery
 e - a ring of poison resistance (left tentacle)
 i - an uncursed amulet of magic regeneration
 q - an amulet of faith (around mantle)
Wands
 w - a wand of disintegration (8)
 z - a wand of digging (8)
 A - a wand of acid (5)
 B - a wand of iceblast (11)
Scrolls
 g - 3 scrolls of amnesia
 l - 6 scrolls of teleportation
 v - a scroll of magic mapping
Potions
 j - 2 potions of haste
 m - 2 potions of flight
 n - a potion of invisibility
 o - 3 potions of agility
 s - 2 potions of magic
 t - 2 potions of mutation
 u - 2 potions of curing
Miscellaneous
 c - a lamp of fire
Comestibles
 d - 17 rations


   Skills:
 + Level 5.3 Fighting
 + Level 6.2(7.4) Short Blades
 - Level 6.0(7.3) Long Blades
   Level 0.4 Axes
 + Level 5.2 Dodging
 + Level 16.3 Stealth
 + Level 5.2 Shields


You had 10 spell levels left.
You didn't know any spells.
Your spell library contained the following spells:

 Spells                   Type           Power        Failure   Level  Hunger
 Shock                    Conj/Air       #...         80%         1    ##.....
 Swiftness                Chrm/Air       #.......     90%         2    ###....
 Static Discharge         Conj/Air       #.......     99%         3    ####...
 Airstrike                Air            #.........   100%        4    #####..
 Lightning Bolt           Conj/Air       #.........   100%        5    ######.


Dungeon Overview and Level Annotations

Branches:
Dungeon (10/15)            Temple (1/1) D:5            Lair (0/6) D:8
    Orc: D:9-12

Altars:
Ashenzari
Cheibriados
Dithmenos
Elyvilon
Fedhas
Gozag
Hepliaklqana
Kikubaaqudgha
Makhleb
Nemelex Xobeh
Okawaru
Qazlal
Ru
Sif Muna
Trog
Uskayaw
Vehumet
Wu Jian
Xom
Yredelemnul
Zin
The Shining One

Shops:
D:4 :

Annotations:
D:10 Erolcha, Fannar


Innate Abilities, Weirdness & Mutations

You cannot wear most types of armour.
You are very stealthy in the water. (Stealth+)
You are amphibious.
You can wear up to eight rings at the same time.
You can use your tentacles to constrict eight enemies at once.
Your skin changes colour to match your surroundings (Stealth+).
Your rubbery body absorbs attacks. (AC +1, EV +1)
One of your tentacles bears a spike.
You are agile. (Dex +2)
Your magical capacity is low. (-10% MP)
You are resistant to hostile enchantments. (MR+)


Message History

You are too injured to fight recklessly!
You are too injured to fight recklessly!
You are too injured to fight recklessly!
You are too injured to fight recklessly!
You are too injured to fight recklessly!
You are too injured to fight recklessly!
You slash the troll! You freeze the troll.
The troll is almost dead.
You block the troll's attack. The troll claws you!
* * * LOW HITPOINT WARNING * * *
The troll barely misses you.
Unknown command.
You hit the troll. You freeze the troll.
You pierce the troll, but do no damage.
The troll is almost dead.
You are feeling hungry.
The troll bites you!
* * * LOW HITPOINT WARNING * * *
The troll claws you!
You die...

#..##..#####.##..#
#..##..# #.##..#
#..##..# #.##..#
#....).# #.##..#
..######......# .#
.>............# .#
...#####.###..#
#.# #..# #@# #..#
#T# #..# #.# ..#
#.# #.# #.# ..#
..#


You could see a troll.

Vanquished Creatures
  Harold (D:8)
  Pikel (D:7)
  Maurice (D:8)
  Joseph (D:7)
  A gargoyle (D:10)
  A troll (D:9)
  Grinder (D:4)
  A hornet (D:9)
  A hippogriff (D:10)
  Sigmund (D:6)
  Grum (D:8)
  Eustachio (D:6)
  A hungry ghost (D:8)
  Menkaure (D:7)
  A soldier ant (D:10)
  2 orc warriors
  2 ice beasts
  A slave (D:7)
  4 sky beasts
  3 phantoms
  5 ogres
  2 wolves (D:8)
  A big kobold (D:10)
  5 bullfrogs
  2 scorpions
  3 howler monkeys (D:9)
  A jelly (D:9)
  9 wights
  4 crimson imps
  2 bullfrog zombies
  6 orc priests
  2 centaur skeletons
  3 hounds
  5 bullfrog skeletons
  4 orc wizards
  Jessica (D:3)
  2 iguanas (D:6)
  4 worker ants
  Robin (D:3)
  2 worker ant zombies
  5 adders
  A howler monkey skeleton (D:8)
  2 shadow imps
  An ooze (D:4)
  2 worms
  6 dart slugs
  5 leopard geckos
  35 orcs
  A ball python (D:3)
  7 giant cockroaches
  17 goblins
  10 hobgoblins
  4 jackals (D:4)
  10 kobolds
  4 quokkas
  A ball python skeleton (D:4)
  10 bats
  3 frilled lizards
  10 rats
225 creatures vanquished.

Notes
Turn   | Place    | Note
-------+----------+-------------------------------------------
     0 | D:1      | Lew the Octopode Fighter began the quest for the Orb.
     0 | D:1      | Reached XP level 1. HP: 16/16 MP: 1/1
    19 | D:1      | Reached skill level 1 in Stealth
    87 | D:1      | Reached XP level 2. HP: 21/21 MP: 2/2
   112 | D:1      | Reached skill level 2 in Stealth
   689 | D:2      | Reached skill level 3 in Stealth
   702 | D:2      | Reached XP level 3. HP: 26/26 MP: 3/3
  1365 | D:2      | Found a sacrificial altar of Ru.
  1706 | D:3      | Found a white marble altar of Elyvilon.
  1763 | D:3      | Noticed Jessica
  1795 | D:3      | Reached skill level 4 in Stealth
  1932 | D:3      | Found a glowing silver altar of Zin.
  1935 | D:3      | Reached XP level 4. HP: 24/31 MP: 4/4
  1937 | D:3      | Killed Jessica
  1943 | D:3      | Reached skill level 5 in Stealth
  1943 | D:3      | Reached XP level 5. HP: 26/36 MP: 5/5
  1963 | D:3      | Found an ancient bone altar of Kikubaaqudgha.
  2408 | D:3      | Reached skill level 6 in Stealth
  2624 | D:3      | Found a hide-covered altar of Uskayaw.
  2659 | D:3      | Found a sparkling altar of Nemelex Xobeh.
  2691 | D:3      | Noticed Robin
  2700 | D:3      | Killed Robin
  2700 | D:3      | Reached XP level 6. HP: 26/42 MP: 6/6
  2819 | D:3      | Gained mutation: You are agile. (Dex +2) [potion of mutation]
  2819 | D:3      | Gained mutation: Your magical capacity is low. (-10% MP) [potion of mutation]
  2819 | D:3      | Gained mutation: You are resistant to hostile enchantments. (MR+) [potion of mutation]
  2819 | D:3      | Gained mutation: One of your tentacles bears a spike. [potion of mutation]
  3092 | D:4      | Noticed Grinder
  3100 | D:4      | Paralysed by Grinder for 4 turns
  3103 | D:4      | Noticed a phantom
  3321 | D:4      | Reached skill level 7 in Stealth
  3332 | D:4      | Killed Grinder
  3332 | D:4      | Reached skill level 8 in Stealth
  3332 | D:4      | Reached XP level 7. HP: 19/46 MP: 6/6
  3933 | D:4      | Found Huxtyth's Book Emporium.
  4009 | D:4      | Reached skill level 9 in Stealth
  4019 | D:4      | Reached skill level 5 in Long Blades
  4544 | D:4      | Reached skill level 10 in Stealth
  4544 | D:4      | Reached XP level 8. HP: 52/52 MP: 7/7
  4774 | D:5      | Entered Level 5 of the Dungeon
  5032 | D:5      | Reached skill level 11 in Stealth
  5068 | D:5      | Found a basalt altar of Yredelemnul.
  5108 | D:5      | Found a staircase to the Ecumenical Temple.
  5124 | Temple   | Entered the Ecumenical Temple
  5241 | Temple   | Became a worshipper of Warmaster Okawaru
  5611 | D:6      | Reached skill level 1 in Short Blades
  5745 | D:6      | Noticed Eustachio
  5749 | D:6      | Killed Eustachio
  5749 | D:6      | Reached skill level 12 in Stealth
  5908 | D:6      | Reached XP level 9. HP: 56/56 MP: 8/8
  6001 | D:6      | Noticed Sigmund
  6019 | D:6      | Killed Sigmund
  6019 | D:6      | Reached * piety under Okawaru
  6341 | D:6      | Reached skill level 13 in Stealth
  6913 | D:7      | Noticed Menkaure
  6927 | D:7      | Killed Menkaure
  6942 | D:7      | Noticed Joseph
  6958 | D:7      | Killed Joseph
  6958 | D:7      | Reached skill level 14 in Stealth
  7117 | D:7      | Reached ** piety under Okawaru
  7300 | D:7      | Noticed Pikel
  7318 | D:7      | Killed Pikel
  7318 | D:7      | Reached skill level 15 in Stealth
  7318 | D:7      | Reached XP level 10. HP: 56/63 MP: 9/9
  7576 | D:8      | Reached *** piety under Okawaru
  7713 | D:8      | Noticed Grum
  7735 | D:8      | Killed Grum
  8037 | D:8      | Noticed Maurice
  8044 | D:8      | Killed Maurice
  8044 | D:8      | Reached skill level 5 in Short Blades
  8064 | D:8      | Noticed Harold
  8071 | D:8      | Killed Harold
  8071 | D:8      | Reached **** piety under Okawaru
  8376 | D:8      | Found a staircase to the Lair.
  8982 | D:9      | Reached skill level 16 in Stealth
  9004 | D:9      | Reached ***** piety under Okawaru
  9093 | D:9      | Found a shimmering altar of Xom.
  9094 | D:9      | Found a shimmering altar of Xom.
  9094 | D:9      | Found a shimmering altar of Xom.
  9094 | D:9      | Found a shimmering altar of Xom.
  9095 | D:9      | Found a shimmering altar of Xom.
  9096 | D:9      | Found a shimmering altar of Xom.
  9096 | D:9      | Found a shimmering altar of Xom.
  9096 | D:9      | Found a shimmering altar of Xom.
  9097 | D:9      | Found a shimmering altar of Xom.
  9097 | D:9      | Found a shimmering altar of Xom.
  9587 | D:10     | Entered Level 10 of the Dungeon
  9604 | D:10     | Noticed Erolcha
  9637 | D:10     | Noticed a gargoyle
  9642 | D:10     | Killed a gargoyle
  9642 | D:10     | Reached skill level 5 in Fighting
  9642 | D:10     | Reached skill level 5 in Dodging
  9642 | D:10     | Reached skill level 5 in Shields
  9642 | D:10     | Reached XP level 11. HP: 71/71 MP: 9/9
  9725 | D:10     | Noticed Fannar
 10448 | D:10     | Slain by a troll

Skill      XL: |  1  2  3  4  5  6  7  8  9 10 |
---------------+-------------------------------+-----
Stealth        | 1 3 4 5 6 8 10 12 15 16 | 16.3
Long Blades    | 3 4 5 6 |  6.0
Short Blades   | 2 4 6 |  6.2
Fighting       | 5 |  5.3
Dodging        | 5 |  5.2
Shields        | 5 |  5.2
Axes           | |  0.4

Action                   |  1- 3 |  4- 6 |  7- 9 | 10-12 || total
-------------------------+-------+-------+-------+-------++-------
Melee: Long sword        |    42 |    35 |       |    62 ||   139
       Constrict         |    20 |    22 |    40 |    25 ||   107
       Tentacles         |    15 |    21 |    64 |    44 ||   144
       Dagger            |    21 |    30 |   260 |   100 ||   411
       War axe           |       |    15 |       |       ||    15
       Kick              |       |    15 |   104 |    71 ||   190
Evoke: Wand              |       |       |       |     4 ||     4
  Use: Scroll            |     7 |     4 |     9 |     7 ||    27
       Potion            |     1 |     6 |     3 |     3 ||    13
 Stab: Sleeping          |    12 |     5 |    31 |    20 ||    68
       Distracted        |     1 |       |     3 |     1 ||     5
  Eat: Chunk             |     2 |       |     8 |     7 ||    17
       Ration            |     1 |     1 |     1 |     1 ||     4
Armor: Skin              |     3 |    14 |    27 |    20 ||    64
Dodge: Dodged            |    19 |    28 |    52 |    48 ||   147
Block: Shield            |    15 |    44 |    59 |    64 ||   182
       Rpst.: Long sword |     6 |     5 |       |     6 ||    17
